 Dungeon Crawl Stone Soup version 0.28-a0-1235-g7c8fac35f0 (webtiles) character file.

Game seed: 16423993745892858023

2695 ReploidZero the Thaumaturge (level 9, -5/57 HPs)
             Began as a Djinni Conjurer on Dec 24, 2021.
             Was an Initiate of Ashenzari.
             Slain by a meliai (16 damage)
             ... on level 8 of the Dungeon on Dec 25, 2021.
             The game lasted 00:25:31 (7027 turns).

ReploidZero the Thaumaturge (Djinni Conjurer)       Turns: 7027, Time: 00:25:32

Health: -5/57      AC:  3    Str:  6    XL:     9   Next: 96%
Gold:   385        EV: 12    Int: 25    God:    Ashenzari [......] SH:  0 Dex: 11

rFire   + + .      SeeInvis .   a - +5 scimitar
rCold   . . .      Faith    .   (no shield)
rNeg    . . .      Spirit   .   m - +0 robe {rC+}
rPois   ∞          Reflect  .   c - +0 helmet of Star-Bound Wisdom {Evo, Cun} (curse)
rElec   .          Harm     .   (no cloak)
rCorr   .          Rampage  .   (no gloves)
Will    .....                   (boots unavailable)
Stlth   ++........              k - amulet of regeneration
HPRegen 0.99/turn               (no ring)
MPRegen 0.00/turn               (no ring)

@: flying
A: sickness immunity, fire resistance 2, cold vulnerability 1, float, innate
caster, hp casting, extra vitality 1
a: Renounce Religion, Curse Item, Shatter the Chains


You were on level 8 of the Dungeon.
You worshipped Ashenzari.
Ashenzari was noncommittal.
You visited 2 branches of the dungeon, and saw 9 of its levels.

You collected 385 gold pieces.

Inventory:

Hand Weapons
 a - a +5 scimitar (weapon)
Armour
 c - the cursed +0 helmet of Star-Bound Wisdom (worn) {Evo, Cun}
   (You found it on level 1 of the Dungeon)

   It has a curse which improves the following skills: Evocations: Evocations.
   Cunning:   Dodging and Stealth.
 m - a +0 robe of cold resistance (worn)
Magical Staves
 v - a staff of earth
Jewellery
 k - an amulet of regeneration (around neck)
Wands
 i - a wand of acid (6)
 n - a wand of paralysis (12)
 r - a wand of mindburst (18)
Scrolls
 o - a scroll of acquirement
Potions
 e - a potion of might
 f - a potion of brilliance
 g - 3 potions of mutation
 j - 3 potions of attraction
 l - 6 potions of curing


   Skills:
 - Level 1.0 Fighting
 - Level 1.8 Staves
 - Level 2.1(2.6) Dodging
 - Level 1.5(2.0) Stealth
 + Level 10.3 Spellcasting


You had 4 spell levels left.
You knew the following spells:

 Your Spells              Type           Power      Damage    Failure   Level
a - Magic Dart            Conj           100%       1d8       1%          1
b - Searing Ray           Conj           100%       2d8       1%          2
c - Dazzling Flash        Conj/Hex       100%       N/A       1%          3
d - Fulminant Prism       Conj/Hex       29%        3d14      1%          4
e - Iskenderun's Mystic   Conj/Tloc      59%        2d12      1%          4
f - Apportation           Tloc           100%       N/A       1%          1
g - Poisonous Vapours     Pois/Air       100%       N/A       1%          2
h - Lesser Beckoning      Tloc           59%        N/A       1%          3
i - Leda's Liquefaction   Hex/Erth       29%        N/A       1%          4
Your spell library was empty.

Dungeon Overview and Level Annotations

Branches:
Dungeon (8/15)             Temple (1/1) D:4
   Lair: D:8-11

Altars:
Ashenzari
Cheibriados
Dithmenos
Elyvilon
Gozag
Hepliaklqana
Makhleb
Okawaru
Qazlal
Sif Muna
Trog
Uskayaw
Vehumet
Wu Jian
Xom

Shops:
D:6 (


Innate Abilities, Weirdness & Mutations

You are immune to sickness and miasma.
You are immune to poison.
Your flesh is very heat resistant. (rF++)
You are vulnerable to cold. (rC-)
You float through the air rather than walking.
You learn spells naturally, not from books.
Your magical power is your life essence.
You have superior vitality. (+4 MHP)


Message History

Press: ? - help, Dir - move target, f - cyclops
Aim: a cyclops, quivering large rocks Poisonous vapours surround the cyclops!
The cyclops is poisoned.
Unknown command.
Casting: Poisonous Vapours (safe; 1% risk of failure)
Confirm with . or Enter, or press ? or * to list all spells.
Aiming: Poisonous Vapours (safe; 1% risk of failure)
Press: ? - help, Dir - move target, f/p - cyclops
Aim: a cyclops, quivering large rocks (lightly wounded, very poisoned) Poisonous vapours surround the cyclops!
The cyclops looks as sick as possible!
The meliai buzzes angrily.
You hear a horrible gurgling sound!
Unknown command.
Casting: Poisonous Vapours (safe; 1% risk of failure)
Confirm with . or Enter, or press ? or * to list all spells.
Aiming: Poisonous Vapours (safe; 1% risk of failure)
Press: ? - help, Dir - move target, f/p - cyclops
Aim: a cyclops, quivering large rocks (lightly wounded, extremely poisoned) Poisonous vapours surround the cyclops!
The cyclops looks as sick as possible!
Unknown command.
Casting: Poisonous Vapours (safe; 1% risk of failure)
Confirm with . or Enter, or press ? or * to list all spells.
You erupt in a blast of force!
The mystic blast hits the meliai!
The meliai is heavily wounded.
The meliai is knocked back by the mystic blast.
The meliai mumbles some strange prayers to its god against you.
Something smites you!
The cyclops throws a large rock.
The large rock hits you!!
* * * LOW HITPOINT WARNING * * *
Okay, then.
Okay, then.
Okay, then.
Okay, then.
Casting: Iskenderun's Mystic Blast (dangerous; 1% risk of failure)
Confirm with . or Enter, or press ? or * to list all spells.
You erupt in a blast of force!
The mystic blast hits the meliai.
The meliai is severely wounded.
The meliai is knocked back by the mystic blast.
* * * LOW HITPOINT WARNING * * *
The meliai hits you with a +0 hand axe!
You die...

#########
#......!# ...
#.......+....
#..<....#....
#............
#....#....###
####.........
#....##....
#..@.##....
#..y.......
#..#....#..
##.#.......
####+###.#......#
#.<......#......#
##.......#)......
#.......######..
.........C ..


You could see a meliai.

Vanquished Creatures
  A slime creature (D:8)
  Duvessa (D:5)
  An ice beast (D:7)
  2 black bears
  2 necrophages (D:7)
  An orc warrior (D:7)
  2 sky beasts
  2 ogres (D:6)
  2 phantoms
  A scorpion (D:5)
  A wyvern zombie (D:7)
  Dowan (D:5)
  10 wights (D:7)
  A bullfrog zombie (D:6)
  A jelly (D:6)
  3 hounds (D:5)
  3 orc priests
  A bullfrog skeleton (D:6)
  An iguana (D:5)
  Natasha (thrice) (D:2)
  3 orc wizards
  A hound zombie (D:5)
  3 hound skeletons
  11 gnolls
  A howler monkey skeleton (D:4)
  9 adders
  2 ufetubi (D:6)
  2 adder skeletons
  A worm (D:3)
  A dart slug (D:3)
  17 orcs
  9 ball pythons
  2 bats (D:1)
  9 endoplasms
  2 giant cockroaches (D:2)
  7 goblins
  8 hobgoblins
  A quokka (D:1)
  3 frilled lizards
  5 kobolds
  5 rats
142 creatures vanquished.

Vanquished Creatures (others)
  5 fulminant prisms
5 creatures vanquished.

Grand Total: 147 creatures vanquished

Notes
Turn   | Place    | Note
-------+----------+-------------------------------------------
     0 | D:1      | ReploidZero the Djinni Conjurer began the quest for the
                  | Orb.
     0 | D:1      | Reached XP level 1. HP: 15/15 MP: 0/0
   524 | D:1      | Reached XP level 2. HP: 18/21 MP: 0/0
  1187 | D:2      | Reached XP level 3. HP: 21/25 MP: 0/0
  1187 | D:2      | Learned a level 1 spell: Apportation
  1719 | D:2      | Reached skill level 4 in Spellcasting
  1800 | D:2      | Noticed Natasha
  1803 | D:2      | Killed Natasha
  1804 | D:2      | Reached skill level 1 in Staves
  1804 | D:2      | Reached XP level 4. HP: 26/31 MP: 0/0
  1943 | D:2      | Noticed Natasha
  1946 | D:2      | Killed Natasha
  1947 | D:2      | Reached XP level 5. HP: 24/36 MP: 0/0
  1947 | D:2      | Learned a level 2 spell: Poisonous Vapours
  2045 | D:2      | Found a faded altar of an unknown god.
  2562 | D:2      | Noticed Natasha
  2566 | D:2      | Killed Natasha
  2572 | D:2      | Reached skill level 1 in Fighting
  2577 | D:2      | Prayed at the altar of an unknown god.
  2577 | D:2      | Became a worshipper of Ashenzari the Shackled
  2816 | D:3      | Noticed a phantom
  2825 | D:3      | Killed a phantom
  2826 | D:3      | Reached skill level 5 in Spellcasting
  2826 | D:3      | Reached XP level 6. HP: 32/42 MP: 0/0
  2930 | D:3      | Noticed a black bear
  2935 | D:3      | Killed a black bear
  3665 | D:4      | Reached XP level 7. HP: 30/47 MP: 0/0
  3665 | D:4      | Learned a level 3 spell: Lesser Beckoning
  3951 | D:4      | Reached skill level 6 in Spellcasting
  4321 | D:4      | Found a staircase to the Ecumenical Temple.
  4532 | Temple   | Entered the Ecumenical Temple
  4678 | D:5      | Entered Level 5 of the Dungeon
  4678 | D:5      | Noticed Duvessa
  4678 | D:5      | Noticed Dowan
  4684 | D:5      | Killed Dowan
  4685 | D:5      | Killed Duvessa
  4822 | D:5      | Reached skill level 7 in Spellcasting
  4822 | D:5      | Reached XP level 8. HP: 23/52 MP: 0/0
  5211 | D:5      | Identified a scroll of acquirement
  5327 | D:6      | Found Juixtian's Antique Weapon Shoppe.
  5376 | D:6      | Reached skill level 8 in Spellcasting
  5610 | D:6      | Found a broken altar of Ashenzari.
  5610 | D:6      | Found an opulent altar of Gozag.
  5730 | D:6      | Reached XP level 9. HP: 47/57 MP: 0/0
  5730 | D:6      | Learned a level 4 spell: Leda's Liquefaction
  6123 | D:7      | Reached skill level 9 in Spellcasting
  6387 | D:7      | Found a burning altar of Makhleb.
  6557 | D:7      | Reached skill level 10 in Spellcasting
  6619 | D:7      | Found an iron altar of Okawaru.
  6684 | D:7      | Found a snail-covered altar of Cheibriados.
  6982 | D:8      | Noticed a slime creature
  6996 | D:8      | Killed a slime creature
  7016 | D:8      | Noticed a cyclops
  7016 | D:8      | Noticed a meliai
  7027 | D:8      | Slain by a meliai

Illustrated notes

Levels and vault maps discovered:
D:1:      dpeg_arrival_stonehenge_12_columns, layout_loops_ring,
          hangedman_decor_points, amcnicky_mini_pool_small
D:2:      layout_loops_ring, shapermc_ecumenical_altar_totnotflames,
          uniq_natasha
D:3:      layout_basic, serial_curves, eino_curves_04, eino_curves_02
D:4:      layout_cave_pools, temple_fountains
D:5:      layout_rooms, uniq_duvessa
D:6:      layout_loops_corners, gammafunk_temple_overflow_claw, serial_shops,
          nicolae_stop_n_shop_2, chequers_mini_garden, dk_rats_in_the_wall
D:7:      layout_rooms, lemuel_doored_altar,
          mainiacjoe_overflow_surrounded_room, makhleb_blood_cavern_becter
D:8:      minmay_cut_squares, layout_gridville, grunt_temple_overflow_open,
          chequers_serial_rivers_micro_a, uniq_pikel
Temple:   nicolae_temple_figure_zero

Skill      XL: |  1  2  3  4  5  6  7  8  9 |
---------------+----------------------------+-----
Spellcasting   | 4 5 7 8 10 | 10.3
Staves         | 1 |  1.8
Fighting       | 1 |  1.0
Dodging        | |  2.1
Stealth        | |  1.5

Action                   |  1- 3 |  4- 6 |  7- 9 || total
-------------------------+-------+-------+-------++-------
Melee: Quarterstaff      |    47 |    29 |     5 ||    81
 Cast: Magic Dart        |    34 |    31 |   123 ||   188
       Searing Ray       |     1 |     9 |    40 ||    50
       Poisonous Vapours |       |     1 |    32 ||    33
       Iskenderun's Myst |       |     1 |    16 ||    17
       Apportation       |       |       |     4 ||     4
       Fulminant Prism   |       |       |     5 ||     5
       Leda's Liquefacti |       |       |     2 ||     2
Invok: Curse Item        |       |     1 |       ||     1
  Use: Scroll            |     2 |     7 |     8 ||    17
       Potion            |       |       |     2 ||     2
 Stab: Sleeping          |     4 |     2 |       ||     6
Armor: Robe              |    16 |     5 |     7 ||    28
Dodge: Dodged            |    32 |    23 |    26 ||    81

Table legend: (Time is in decaauts)
 A = Elapsed time spent in this place.
 B = Non-inter-level travel time spent in this place.
 C = Inter-level travel time spent in this place.
 D = Time resting spent in this place.
 E = Time spent auto-exploring this place.
 F = Levels seen in this place.
 G = Mean time per level.
                   A        B        C        D        E       F      G
               +--------+--------+--------+--------+--------+-----+--------+
         Total |   7054 |   6798 |    256 |      0 |   5688 |   9 |  783.8 |
       Dungeon |   6931 |   6684 |    247 |      0 |   5575 |   8 |  866.4 |
        Temple |    123 |    114 |      9 |      0 |    113 |   1 |  123.0 |
               +--------+--------+--------+--------+--------+-----+--------+

Top non-repeatable levels by time:
     D:2: 1633 daAuts
     D:1: 1121 daAuts
     D:7: 920 daAuts
     D:4: 912 daAuts
     D:3: 907 daAuts
     D:6: 840 daAuts
     D:5: 549 daAuts
  Temple: 123 daAuts
     D:8: 45 daAuts
